 Dungeon Crawl Stone Soup version 0.28.0-53-g5a82cb258f (webtiles) character file.

Game seed: 11926373918654430626

70 mcbry74 the Chopper (level 4, -1/39 HPs)
             Began as a Minotaur Berserker on June 22, 2022.
             Was a Believer of Trog.
             Slain by a hobgoblin (3 damage)
             ... led by Robin
             ... on level 3 of the Dungeon.
             The game lasted 00:06:27 (1941 turns).

mcbry74 the Chopper (Minotaur Berserker)            Turns: 1941, Time: 00:06:28

Health: -1/39      AC:  2    Str: 21    XL:     4   Next: 4%
Magic:  3/3        EV: 12    Int:  6    God:    Trog [**....]
Gold:   87         SH:  0    Dex: 10    Spells: 3/3 levels left

rFire   . . .      SeeInvis .   a - +0 hand axe
rCold   . . .      Faith    .   (no shield)
rNeg    . . .      Spirit   .   i - +0 animal skin
rPois   .          Reflect  .   (helmet restricted)
rElec   .          Harm     .   (no cloak)
rCorr   .          Rampage  .   (no gloves)
Will    .....                   (no boots)
Stlth   +.........              (no amulet)
HPRegen 0.13/turn               (no ring)
MPRegen 0.08/turn               (no ring)

@: on berserk cooldown, slowed, very slow
A: horns 2, retaliatory headbutt
a: Renounce Religion, Berserk, Trog's Hand


You were on level 3 of the Dungeon.
You worshipped Trog.
Trog was pleased with you.
You visited 1 branch of the dungeon, and saw 3 of its levels.

You collected 87 gold pieces.

Inventory:

Hand Weapons
 a - a +0 hand axe (weapon)
 b - a +5 hunting sling
Missiles
 d - 27 sling bullets
 e - 63 stones (quivered)
 h - 23 arrows
Armour
 i - a +0 animal skin (worn)
Scrolls
 c - a scroll of acquirement {unknown}
 f - 2 scrolls of identify {unknown}
 j - a scroll of holy word {unknown}
 k - 2 scrolls of teleportation {unknown}
 l - a scroll of enchant weapon {unknown}
 n - a scroll of immolation {unknown}
Potions
 g - a potion of curing {unknown}
 m - a potion of might {unknown}
 o - a potion of flight {unknown}
 p - 2 potions of invisibility {unknown}


   Skills:
 - Level 3.6 Fighting
 * Level 5.6 Axes
 + Level 1.4 Slings
 - Level 2.4 Armour
 - Level 2.1 Dodging


You had 3 spell levels left.
You didn't know any spells.
Your spell library was empty.

Dungeon Overview and Level Annotations

Branches:
Dungeon (3/15)

Altars:
Wu Jian


Innate Abilities, Weirdness & Mutations

You have a pair of horns on your head.
You reflexively headbutt those who attack you in melee.


Message History

You kill the goblin!
Trog accepts your kill.
You have reached level 4!
You feel agile.
You closely miss the goblin.
You are no longer berserk.
You are exhausted.
You feel yourself slow down.
You closely miss the goblin. You headbutt the goblin.
You kill the goblin!
Trog accepts your kill.
The goblin unwields a +0 club.
The goblin wields a +0 hunting sling.
The goblin shoots a stone.
The stone hits you.
* * * LOW HITPOINT WARNING * * *
The goblin unwields a +0 hunting sling.
The goblin wields a +0 club.
The goblin hits you with a +0 club.
* * * LOW HITPOINT WARNING * * *
Items here: ))) †.
You hit the goblin. You headbutt the goblin.
The goblin is almost dead.
The goblin barely misses you. The goblin closely misses you.
You furiously retaliate!
You headbutt the goblin.
You kill the goblin!
Trog accepts your kill.
The hobgoblin no longer looks unusually strong.
The goblin misses you. The hobgoblin misses you. The hobgoblin hits you.
* * * LOW HITPOINT WARNING * * *
The goblin hits you but does no damage.
Items here: ( )) †.
The goblin shouts!
You hit the hobgoblin.
The hobgoblin is moderately wounded.
You completely miss the goblin. The hobgoblin closely misses you.
The goblin misses you.
You hit the hobgoblin.
The hobgoblin is almost dead.
You hit the goblin. The goblin hits you with a +0 dagger.
* * * LOW HITPOINT WARNING * * *
The hobgoblin hits you.
You die...

...# g .... gg
..# #g ..# #.
#g# #. #.#
#..#g#####
#...g@)..#
#.##?###)####.#
...##.).....#
#.##.##..######
.. ..##..# >#
.#####..#
........#
#######.#
#.#############


You could see a hobgoblin and 2 goblins.

Vanquished Creatures
  Robin (D:3)
  An adder (D:2)
  4 dart slugs
  4 ball pythons
  2 bats
  4 endoplasms
  2 giant cockroaches (D:1)
  8 goblins
  3 hobgoblins
  3 jackals (D:2)
  3 kobolds
  A quokka (D:2)
  3 frilled lizards
  2 rats
41 creatures vanquished.

Vanquished Creatures (others)
  4 fungi (D:2)
  3 plants (D:2)
7 creatures vanquished.

Grand Total: 48 creatures vanquished

Notes
Turn   | Place    | Note
-------+----------+-------------------------------------------
     0 | D:1      | mcbry74 the Minotaur Berserker began the quest for the Orb.
     0 | D:1      | Reached XP level 1. HP: 19/19 MP: 0/0
    72 | D:1      | Reached skill level 4 in Axes
   350 | D:1      | Reached XP level 2. HP: 24/26 MP: 1/1
  1039 | D:2      | Reached skill level 5 in Axes
  1047 | D:2      | Found a faded altar of an unknown god.
  1065 | D:2      | Found an ornate altar of the Wu Jian Council.
  1170 | D:2      | Reached XP level 3. HP: 31/31 MP: 2/2
  1301 | D:2      | Reached skill level 1 in Slings
  1358 | D:2      | Reached ** piety under Trog
  1907 | D:3      | Noticed Robin
  1927 | D:3      | Killed Robin
  1935 | D:3      | Reached XP level 4. HP: 19/39 MP: 3/3
  1941 | D:3      | Slain by a hobgoblin

Illustrated notes

Levels and vault maps discovered:
D:1:      minmay_arrival_nine_rooms, layout_loops_ring
D:2:      layout_rooms, basic_altar, dreamdust_ecumenical_altar_grove,
          minmay_pentomino_p2
D:3:      layout_loops_ring, chei_slow_surprise, uniq_robin,
          uniq_crazy_yiuf_cottage

Skill      XL: |  1  2  3 |
---------------+----------+-----
Axes           | 4 5 |  5.6
Slings         | 1 |  1.4
Fighting       | |  3.6
Armour         | |  2.4
Dodging        | |  2.1

Action                   |  1- 3 |  4- 6 || total
-------------------------+-------+-------++-------
Melee: Hand axe          |    76 |     5 ||    81
       Headbutt          |     8 |     2 ||    10
 Fire: Hunting sling     |    21 |       ||    21
Invok: Berserk           |     1 |       ||     1
 Stab: Sleeping          |     1 |       ||     1
Armor: Animal skin       |     6 |     1 ||     7
Dodge: Dodged            |    31 |     6 ||    37
